 Dungeon Crawl Stone Soup version 0.23-a0-726-g9fa1570 (webtiles) character file.

3333 galech the Cleaver (level 9, -1/69 HPs)
             Began as a Demonspawn Fighter on Jan 16, 2019.
             Was a Follower of Okawaru.
             Impaled on a porcupine's spines (6 damage)
             ... on level 8 of the Dungeon.
             The game lasted 00:11:22 (10552 turns).

galech the Cleaver (Demonspawn Fighter)            Turns: 10552, Time: 00:11:23

Health: -1/69      AC:  9    Str: 17    XL:     9   Next: 71%
Magic:  9/9        EV: 12    Int: 13    God:    Okawaru [*.....]
Gold:   561        SH: 12    Dex: 15    Spells: 8/8 levels left

rFire    + . .     SeeInvis .   a - +0 war axe
rCold    . . .     Gourm    .   w - +2 shield
rNeg     . . .     Faith    +   e - +0 leather armour of Mumblety Peg {+Inv Int+3} (curse)
rPois    .         Spirit   .   (no helmet)
rElec    .         Reflect  .   D - +2 cloak
rCorr    .         Harm     .   (no gloves)
MR       .....                  (no boots)
Stlth    ++........             B - amulet of faith
HPRegen  0.21/turn              (no ring)
MPRegen  0.11/turn              (no ring)

@: no status effects
A: claws 2, yellow scales 2, fire resistance 1
a: Heroism, Renounce Religion, Evoke Invisibility


You were on level 8 of the Dungeon.
You worshipped Okawaru.
Okawaru was aware of your devotion.
You were not hungry.

You visited 2 branches of the dungeon, and saw 9 of its levels.

You collected 561 gold pieces.

Inventory:

Hand Weapons
 a - a +0 war axe (weapon)
Armour
 e - the cursed +0 leather armour of Mumblety Peg (worn) {+Inv Int+3}
   (You found it on level 4 of the Dungeon)

   It affects your intelligence (+3).
   It lets you turn invisible.
   It has a curse placed upon it.
 u - a +0 chain mail of poison resistance
 w - a +2 shield (worn)
 y - a +2 robe of positive energy
 D - a +2 cloak (worn)
Jewellery
 m - an uncursed amulet of the gourmand
 v - an uncursed amulet of guardian spirit {unknown}
 B - an amulet of faith (around neck)
Wands
 g - a wand of random effects (20)
 j - a wand of disintegration (15)
 q - a wand of clouds (7)
Scrolls
 h - 2 scrolls of immolation
 i - a scroll of fog
 l - 4 scrolls of enchant armour
 n - 4 scrolls of enchant weapon
 p - 3 scrolls of teleportation
 s - 2 scrolls of identify
 A - 3 scrolls of blinking
Potions
 b - 2 potions of agility
 o - a potion of haste
 r - a potion of degeneration
 t - a potion of mutation
 z - 3 potions of flight
Comestibles
 f - 19 rations


   Skills:
 + Level 5.7 Fighting
 + Level 8.4 Axes
 + Level 5.2 Armour
 + Level 3.6 Dodging
 + Level 1.9 Stealth
 + Level 6.4 Shields


You had 8 spell levels left.
You didn't know any spells.
Your spell library contained the following spells:

 Spells                   Type           Power        Failure   Level  Hunger
 Cause Fear               Hex            #.........   100%        4    #####..
 Silence                  Hex/Air        #.........   100%        5    ######.
 Yara's Violent Unravell  Hex/Tmut       #.........   100%        5    ######.
 Deflect Missiles         Chrm/Air       #.........   100%        6    #######
 Discord                  Hex            #.........   100%        8    #######


Dungeon Overview and Level Annotations

Branches:
Dungeon (8/15)             Temple (1/1) D:7
   Lair: D:8-11

Altars:
Ashenzari
Cheibriados
Dithmenos
Elyvilon
Fedhas
Gozag
Kikubaaqudgha
Makhleb
Nemelex Xobeh
Okawaru
Sif Muna
Uskayaw
Vehumet
Wu Jian
Xom
Yredelemnul
The Shining One

Shops:
D:5 :

Annotations:
D:7 Prince Ribbit


Innate Abilities, Weirdness & Mutations

You have very sharp fingernails.
You are mostly covered in yellow scales. (AC +3)
Your flesh is heat resistant. (rF+)


Message History

The porcupine closely misses you.
You are struck by the porcupine's spines.
* * * LOW HITPOINT WARNING * * *
You closely miss the porcupine.
The porcupine is almost dead.
The porcupine misses you.
You barely miss the porcupine.
The porcupine is almost dead.
The porcupine closely misses you.
The porcupine bites you but does no damage.
You barely miss the porcupine.
The porcupine is almost dead.
You block the porcupine's attack.
You are struck by the porcupine's spines.
* * * LOW HITPOINT WARNING * * *
You hit the porcupine but do no damage.
The porcupine is almost dead.
The porcupine bites you but does no damage.
You are struck by the porcupine's spines.
You die...

.##.####.....<....#)#..
........(?..?..####...###..
..#?....##.###.## #........
#.<........###..###........
....../....##...........###
≈≈≈≈≈≈....$##).###..#####
...≈............#..##
..................#
..........@##.....#
##.#.....r.......##
#..........#.<.##
##...###.).((..#
..........#....#
#####..###.#....# ##
..##.### ......# ......##


You could see a porcupine.

Vanquished Creatures
  Joseph (D:7)
  Sigmund (D:4)
  A hungry ghost (D:8)
  2 porcupines
  An ice beast (D:8)
  3 phantoms
  2 sky beasts (D:6)
  2 ogres
  2 centaurs
  2 crocodiles (D:8)
  Blork the orc (D:7)
  2 bullfrogs (D:6)
  A gnoll sergeant (D:7)
  4 scorpions
  2 wights
  3 killer bees
  A howler monkey (D:4)
  A crimson imp (D:5)
  A centaur zombie (D:8)
  A quasit (D:7)
  3 hounds
  4 orc priests
  A jelly (D:5)
  A gnoll shaman (D:3)
  An iguana (D:6)
  Ijyb (D:3)
  Terence (D:2)
  2 orc wizards (D:7)
  2 worker ants
  A hound skeleton (D:5)
  8 gnolls
  8 adders
  A shadow imp (D:6)
  An ooze (D:2)
  An adder skeleton (D:7)
  3 worms
  9 leopard geckos
  21 orcs
  A giant cockroach (D:2)
  5 hobgoblins
  13 jackals
  3 quokkas
  3 ball pythons
  10 bats
  5 frilled lizards
  A giant cockroach zombie (D:6)
  6 goblins
  4 kobolds
  A quokka zombie (D:7)
  7 rats
162 creatures vanquished.

Vanquished Creatures (others)
  15 fungi (D:8)
15 creatures vanquished.

Grand Total: 177 creatures vanquished

Notes
Turn   | Place    | Note
-------+----------+-------------------------------------------
     0 | D:1      | galech the Demonspawn Fighter began the quest for the Orb.
     0 | D:1      | Reached XP level 1. HP: 18/18 MP: 1/1
   325 | D:1      | Gained mutation: Your flesh is heat resistant. (rF+)
                  | [demonic ancestry]
   325 | D:1      | Reached XP level 2. HP: 24/24 MP: 2/2
  1059 | D:2      | Reached skill level 2 in Axes
  1348 | D:2      | Noticed Terence
  1356 | D:2      | Reached XP level 3. HP: 25/29 MP: 3/3
  1362 | D:2      | Killed Terence
  1720 | D:2      | Gained mutation: You are partially covered in yellow
                  | scales. (AC +2) [demonic ancestry]
  1720 | D:2      | Reached XP level 4. HP: 33/35 MP: 4/4
  2162 | D:3      | Noticed Ijyb
  2175 | D:3      | Killed Ijyb
  2175 | D:3      | Reached skill level 3 in Axes
  2558 | D:3      | Gained mutation: You are mostly covered in yellow scales.
                  | (AC +3) [demonic ancestry]
  2558 | D:3      | Reached XP level 5. HP: 16/41 MP: 5/5
  3695 | D:4      | Reached XP level 6. HP: 47/47 MP: 6/6
  3987 | D:4      | Noticed Sigmund
  4022 | D:4      | Killed Sigmund
  4022 | D:4      | Reached skill level 4 in Axes
  4022 | D:4      | Gained mutation: You have sharp fingernails. [demonic
                  | ancestry]
  4022 | D:4      | Reached XP level 7. HP: 11/53 MP: 7/7
  4532 | D:4      | Got a garnet-encrusted leather armour
  4665 | D:5      | Entered Level 5 of the Dungeon
  4693 | D:5      | Reached skill level 1 in Dodging
  4810 | D:5      | Reached skill level 5 in Axes
  5096 | D:5      | Found Hasuna's Book Emporium.
  5585 | D:5      | Identified the cursed +0 leather armour of Mumblety Peg
                  | {+Inv Int+3} (You found it on level 4 of the Dungeon)
  5682 | D:6      | Found a hide-covered altar of Uskayaw.
  5788 | D:6      | Gained mutation: You have very sharp fingernails. [demonic
                  | ancestry]
  5788 | D:6      | Reached XP level 8. HP: 18/61 MP: 8/8
  6074 | D:6      | Reached skill level 5 in Shields
  6215 | D:6      | Reached skill level 6 in Axes
  6733 | D:7      | Noticed Joseph
  6761 | D:7      | Killed Joseph
  6761 | D:7      | Reached skill level 5 in Fighting
  6761 | D:7      | Reached skill level 7 in Axes
  6761 | D:7      | Reached skill level 1 in Stealth
  7385 | D:7      | Reached XP level 9. HP: 30/68 MP: 9/9
  7694 | D:7      | Found a staircase to the Ecumenical Temple.
  7699 | Temple   | Entered the Ecumenical Temple
  7728 | Temple   | Became a worshipper of Warmaster Okawaru
  8115 | D:8      | Noticed Blork the orc
  8126 | D:7      | Killed Blork the orc
  8678 | D:8      | Reached skill level 5 in Armour
  9381 | D:7      | Reached * piety under Okawaru
  9381 | D:7      | Reached skill level 8 in Axes
  9390 | D:7      | HP: 5/102 [poisoned by a killer bee]
  9396 | D:7      | HP: 4/102 [poisoned by a killer bee]
  9402 | D:7      | HP: 4/102 [poisoned by a killer bee]
  9410 | D:7      | HP: 4/102 [poisoned by a killer bee]
 10009 | D:8      | Noticed Prince Ribbit
 10552 | D:8      | Impaled on a porcupine's spines

Vault maps used:
D:1:      dpeg_arrival_signposts
D:2:      minmay_tetromino_i4, uniq_terence
D:3:      first_ration, uniq_ijyb
D:4:      uniq_sigmund
D:5:      serial_shops, shop, kennysheep_generic_room_2
D:6:      basic_altar, kennysheep_nub
D:7:      temple_statues, grunt_ogre_cave, uniq_joseph
D:8:      due_lair_maze_entry_diamond, serial_rivers,
          chequers_serial_rivers_large_a, chequers_serial_rivers_small_3,
          chequers_serial_rivers_room_b, chequers_serial_rivers_small_3,
          chequers_serial_rivers_micro_e, sword_in_stone, uniq_prince_ribbit1,
          uniq_grum
Temple:   nicolae_temple_the_god_donut

Skill      XL: |  1  2  3  4  5  6  7  8  9 |
---------------+----------------------------+-----
Armour         | 3 4 5 |  5.2
Axes           | 2 3 4 5 7 8 |  8.4
Shields        | 3 4 5 6 |  6.4
Fighting       | 4 5 |  5.7
Dodging        | 1 2 3 |  3.6
Stealth        | 1 |  1.9

Action                   |  1- 3 |  4- 6 |  7- 9 || total
-------------------------+-------+-------+-------++-------
Melee: War axe           |    93 |   232 |   540 ||   865
  Use: Scroll            |       |     1 |    17 ||    18
       Potion            |       |     1 |     3 ||     4
 Stab: Sleeping          |       |       |     4 ||     4
  Eat: Chunk             |     2 |    17 |     9 ||    28
       Ration            |       |       |     2 ||     2
Armor: Scale mail        |    60 |       |       ||    60
       Chain mail        |     6 |   154 |    67 ||   227
       Leather armour    |       |       |   148 ||   148
       Skin              |       |       |     7 ||     7
Dodge: Dodged            |    29 |    57 |   194 ||   280
Block: Shield            |    45 |   110 |   264 ||   419

Table legend:
 A = Non-vault XP
 B = Vault XP
 C = Vault XP percentage of total XP
 D = Non-vault monster count
 E = Vault monster count
 F = Vault count percentage of total count
                 A         B        C        D         E       F
            +---------+---------+-------+---------+---------+-------
      Total |    3017 |    1745 |  36.6 |     144 |      18 |  11.1
            +---------+---------+-------+---------+---------+-------
        D:1 |      22 |       0 |   0.0 |      15 |       0 |   0.0
        D:2 |      64 |      47 |  42.3 |      22 |       4 |  15.4
        D:3 |     155 |      36 |  18.8 |      26 |       1 |   3.7
        D:4 |     284 |     227 |  44.4 |      18 |       1 |   5.3
        D:5 |     392 |      70 |  15.2 |      13 |       2 |  13.3
        D:6 |     734 |       0 |   0.0 |      20 |       0 |   0.0
        D:7 |     668 |     961 |  59.0 |      21 |       6 |  22.2
        D:8 |     698 |     404 |  36.7 |       9 |       4 |  30.8
            +---------+---------+-------+---------+---------+-------
